 Dungeon Crawl Stone Soup version 0.24-a0-464-g6b2be6b8c7 (webtiles) character file.

Game seed: 9676037006203207104

1876 Ijustatesigmund the Cudgeler (level 9, -15/79 HPs)
             Began as an Ogre Fighter on July 3, 2019.
             Killed from afar by a gargoyle (17 damage)
             ... with a stone arrow
             ... on level 7 of the Dungeon.
             The game lasted 00:15:43 (7294 turns).

Ijustatesigmund the Cudgeler (Ogre Fighter)         Turns: 7294, Time: 00:15:43

Health: -15/79     AC: 10    Str: 22    XL:     9   Next: 14%
Magic:  9/9        EV:  9    Int:  9    God:
Gold:   218        SH:  8    Dex: 11    Spells: 7/8 levels left

rFire    + . .     SeeInvis .   q - +6 club
rCold    . . .     Gourm    .   c - +0 shield
rNeg     . . .     Faith    .   b - +0 swamp dragon scales
rPois    +         Spirit   .   (helmet restricted)
rElec    .         Reflect  .   B - +0 cloak {rPois}
rCorr    +         Harm     .   (gloves unavailable)
MR       .....                  (boots unavailable)
Stlth    +.........             g - amulet of the acrobat
HPRegen  0.23/turn              s - ring of protection from fire
MPRegen  0.11/turn              j - ring of resist corrosion

@: no status effects
A: large, unfitting armour, blink, frail 1, tough skin 1
a: Blink


You were on level 7 of the Dungeon.
You were very hungry.

You visited 1 branch of the dungeon, and saw 7 of its levels.

You collected 270 gold pieces.
You spent 52 gold pieces at shops.

Inventory:

Hand Weapons
 a - a +1 flail of crushing
 q - a +6 club (weapon)
 A - a +1 flail of protection
Armour
 b - +0 swamp dragon scales (worn)
 c - a +0 shield (worn)
 B - a +0 cloak of poison resistance (worn)
Jewellery
 g - an amulet of the acrobat (around neck)
 i - an uncursed ring of protection from magic
 j - a ring of resist corrosion (right hand)
 s - a ring of protection from fire (left hand)
Wands
 r - a wand of iceblast (10)
Scrolls
 d - a scroll of immolation
 p - 4 scrolls of enchant weapon
 t - 2 scrolls of fog
 v - a scroll of remove curse
 y - a scroll of amnesia
Potions
 h - a potion of magic
 k - 2 potions of curing
 l - a potion of lignification
 m - a potion of resistance
 o - a potion of degeneration {unknown}
 u - a potion of agility
 x - a potion of ambrosia {unknown}
Comestibles
 f - 10 rations


   Skills:
 + Level 5.4 Fighting
 + Level 7.9 Maces & Flails
 - Level 4.3 Armour
 - Level 5.3 Dodging
 - Level 2.6 Shields


You had 7 spell levels left.
You knew the following spells:

 Your Spells              Type           Power        Failure   Level  Hunger
a - Magic Dart            Conj           #...         94%         1    ##.....

Your spell library contained the following spells:

 Spells                   Type           Power        Failure   Level  Hunger
 Corona                   Hex            #......      94%         1    ##.....
 Ensorcelled Hibernation  Hex/Ice        #.....       98%         2    ###....
 Searing Ray              Conj           #.....       98%         2    ###....
 Confuse                  Hex            #.......     100%        3    ####...
 Dazzling Spray           Conj/Hex       #.....       100%        3    ####...
 Tukima's Dance           Hex            #.......     100%        3    ####...
 Force Lance              Conj/Tloc      #.......     100%        4    #####..
 Fulminant Prism          Conj/Hex       #.........   100%        4    #####..
 Iskenderun's Mystic Bla  Conj           #.......     100%        4    #####..


Dungeon Overview and Level Annotations

Branches:
Dungeon (7/15)
 Temple: D:4-7

Altars:
Elyvilon
Fedhas
Kikubaaqudgha
Okawaru
Qazlal
Uskayaw
Vehumet

Shops:
D:5 *


Innate Abilities, Weirdness & Mutations

You are too large for most types of armour.
You have tough skin. (AC +1)
You can translocate small distances at will.
You are frail. (-10% HP)


Message History

You hit the gargoyle but do no damage.
The gargoyle is heavily damaged.
You block the gargoyle's attack.
You sock the gargoyle!
The gargoyle is almost destroyed.
You block the gargoyle's attack.
You hit the gargoyle but do no damage.
The gargoyle is almost destroyed.
The gargoyle hits you with a +0 dire flail!
* * * LOW HITPOINT WARNING * * *
You hit the gargoyle but do no damage.
The gargoyle is almost destroyed.
The gargoyle hurls a stone arrow at you.
The stone arrow hits you!!
* * * LOW HITPOINT WARNING * * *
You hit the gargoyle but do no damage.
The gargoyle is almost destroyed.
The gargoyle hurls a stone arrow at you.
The stone arrow hits you!
You die...

#......÷..#.#
##......a.#.#####
########)#......
#.......<9......
#.######.#.###.# #.#
#.#9# #.# #.#.### #
#.# #.#.9S#.# #@#
#.###.#.### #9#
#.....W.... ###.##
#####.#.###
###....#########9#.#
#<.................#
##..♣♣.........#.###
##....#######.#.#
###### #.... #.####


You could see a gargoyle.

Vanquished Creatures
  Duvessa (D:6)
  An ice beast (D:6)
  A sky beast (D:4)
  2 black bears
  2 phantoms
  An ogre (D:6)
  2 bullfrogs (D:6)
  Dowan (D:6)
  3 howler monkeys (D:6)
  2 hounds
  A jelly (D:6)
  3 orc priests
  Crazy Yiuf (D:5)
  3 orc wizards (D:6)
  2 iguanas
  5 worker ants
  Robin (D:2)
  15 gnolls
  5 adders
  A worm (D:2)
  A dart slug (D:1)
  4 leopard geckos
  14 orcs
  4 ball pythons
  5 bats
  2 giant cockroaches
  12 goblins
  16 hobgoblins
  4 jackals
  3 quokkas
  3 frilled lizards
  8 kobolds
  A leopard gecko skeleton (D:4)
  4 rats
134 creatures vanquished.

Vanquished Creatures (collateral kills)
  2 orcs (D:5)
2 creatures vanquished.

Vanquished Creatures (others)
  An orc warrior (D:6)
1 creature vanquished.

Grand Total: 137 creatures vanquished

Notes
Turn   | Place    | Note
-------+----------+-------------------------------------------
     0 | D:1      | Ijustatesigmund the Ogre Fighter began the quest for the
                  | Orb.
     0 | D:1      | Reached XP level 1. HP: 24/24 MP: 1/1
   103 | D:1      | Reached skill level 2 in Maces & Flails
   123 | D:1      | Reached XP level 2. HP: 11/32 MP: 2/2
   832 | D:2      | Found a hide-covered altar of Uskayaw.
   914 | D:2      | Reached skill level 3 in Maces & Flails
   914 | D:2      | Reached XP level 3. HP: 39/39 MP: 3/3
  1045 | D:2      | Noticed Robin
  1080 | D:2      | Reached skill level 1 in Armour
  1090 | D:2      | Killed Robin
  1169 | D:2      | Reached XP level 4. HP: 41/48 MP: 4/4
  1543 | D:3      | Found a white marble altar of Elyvilon.
  1652 | D:3      | Learned a level 1 spell: Magic Dart
  1885 | D:3      | Reached XP level 5. HP: 45/54 MP: 5/5
  2197 | D:3      | Reached skill level 4 in Maces & Flails
  2316 | D:3      | Found a faded altar of an unknown god.
  2526 | D:4      | Noticed a sky beast
  2540 | D:4      | Killed a sky beast
  2540 | D:4      | Reached XP level 6. HP: 44/62 MP: 6/6
  3021 | D:4      | Noticed a phantom
  3057 | D:4      | Killed a phantom
  3057 | D:4      | Reached skill level 5 in Maces & Flails
  3207 | D:4      | Found a radiant altar of Vehumet.
  3221 | D:4      | Reached XP level 7. HP: 62/70 MP: 7/7
  3317 | D:4      | Found a blossoming altar of Fedhas.
  3490 | D:5      | Entered Level 5 of the Dungeon
  4141 | D:5      | Found a faded altar of an unknown god.
  4141 | D:5      | Found an iron altar of Okawaru.
  4146 | D:5      | Found an ancient bone altar of Kikubaaqudgha.
  4151 | D:5      | Found a stormy altar of Qazlal.
  4153 | D:5      | Found a faded altar of an unknown god.
  4199 | D:5      | Found Aryo's General Store.
  4203 | D:5      | Bought a potion of agility for 52 gold pieces
  4431 | D:5      | Found a runed translucent door.
  4432 | D:5      | Noticed Crazy Yiuf
  4492 | D:5      | Killed Crazy Yiuf
  4753 | D:6      | Reached skill level 6 in Maces & Flails
  4780 | D:6      | Reached XP level 8. HP: 74/78 MP: 8/8
  5497 | D:6      | Reached skill level 7 in Maces & Flails
  5508 | D:6      | Noticed Dowan
  5523 | D:6      | Killed Dowan
  5538 | D:6      | Noticed Duvessa
  5643 | D:6      | Reached skill level 5 in Dodging
  5783 | D:6      | Gained mutation: You are frail. (-10% HP) [potion of
                  | mutation]
  5783 | D:6      | Gained mutation: You can translocate small distances at
                  | will. [potion of mutation]
  5795 | D:6      | Killed Duvessa
  6307 | D:6      | Reached XP level 9. HP: 76/76 MP: 9/9
  6460 | D:7      | Noticed a gargoyle
  6575 | D:6      | Reached skill level 5 in Fighting
  7293 | D:7      | HP: 2/79 [gargoyle/stone arrow (18)]
  7294 | D:7      | Killed from afar by a gargoyle

Levels and vault maps discovered:
D:1:      psy_arrival_radial02, layout_basic
D:2:      layout_basic, eat_drink_and_be_merry_uskayaw, uniq_robin
D:3:      layout_basic, elyvilon_altar_5, chequers_ecumenical_altar_grove
D:4:      layout_basic, overflow_temple_1_default, fedhas_altar_2, first_ration
D:5:      minmay_diamond_boxcup, layout_loops_cross, lemuel_doored_altar,
          chequers_temple_overflow_minitemple, serial_shops, nicolae_shop_stone,
          uniq_crazy_yiuf_cottage
D:6:      layout_basic, uniq_duvessa
D:7:      layout_basic, minmay_temple_entry_tees, chequers_mini_garden

Skill      XL: |  1  2  3  4  5  6  7  8  9 |
---------------+----------------------------+-----
Maces & Flails | 2 3 4 5 6 7 |  7.9
Armour         | 1 2 3 4 |  4.3
Dodging        | 3 5 |  5.3
Fighting       | 5 |  5.4
Shields        | |  2.6

Action                   |  1- 3 |  4- 6 |  7- 9 || total
-------------------------+-------+-------+-------++-------
Melee: Flail             |   107 |       |       ||   107
       Club              |     5 |   169 |   324 ||   498
 Abil: Blink             |       |       |     2 ||     2
Evoke: Wand              |       |       |     8 ||     8
  Use: Scroll            |     2 |     4 |     7 ||    13
       Potion            |       |       |    11 ||    11
 Stab: Invisible         |       |       |     1 ||     1
  Eat: Chunk             |     1 |     7 |    12 ||    20
Armor: Robe              |    13 |       |       ||    13
       Swamp dragon scal |    35 |    64 |   118 ||   217
       Skin              |       |       |    12 ||    12
Dodge: Dodged            |    33 |    53 |   105 ||   191
Block: Shield            |    48 |    60 |   142 ||   250

Table legend:
 A = Non-vault XP
 B = Vault XP
 C = Vault XP percentage of total XP
 D = Non-vault monster count
 E = Vault monster count
 F = Vault count percentage of total count
                 A         B        C        D         E       F
            +---------+---------+-------+---------+---------+-------
      Total |    2396 |     285 |  10.6 |     122 |      15 |  10.9
            +---------+---------+-------+---------+---------+-------
        D:1 |      27 |       0 |   0.0 |      13 |       0 |   0.0
        D:2 |      61 |      37 |  37.8 |      20 |      12 |  37.5
        D:3 |      87 |       0 |   0.0 |      26 |       0 |   0.0
        D:4 |     438 |       0 |   0.0 |      11 |       0 |   0.0
        D:5 |     411 |      40 |   8.9 |      18 |       1 |   5.3
        D:6 |    1318 |     208 |  13.6 |      32 |       2 |   5.9
        D:7 |      54 |       0 |   0.0 |       2 |       0 |   0.0
            +---------+---------+-------+---------+---------+-------
